Cogmind - Beta 15 @@@ ROGUE MODE // 2025.05.10 @ 14:27:14 Player: 7604 Result: Destroyed by QA-RWD(R) with Subdweller Machine Gun Performance ------------- Evolutions (0) 0 Regions Visited (2) 400 Robots Destroyed (45) 225 Value Destroyed (1051) 1051 Prototype IDs (4) 80 Alien Tech Used (0) 0 Bonus (0) 0 TOTAL SCORE: 1756 Bonus ------- None Cogmind --------- Core Integrity 0/250 Matter 237/300 Energy 200/200 System Corruption 0% Temperature Cool (0) Movement Treading (240) Ox1 Location -10/Subcaves Parts ------- > --- POWER (1) -------- Subdweller Power Source > --- PROPULSION (2) --- Light Treads Light Treads > --- UTILITY (2) ------ High-capacity Storage Unit > --- WEAPON (2) ------- Subdweller Machine Gun Grenade Launcher > --- INVENTORY (20) --- Light Ion Engine Light Treads Light Treads Light Treads Subdweller Monowheel Heat Sink Improved Terrain Scanner Seismic Detector Seismic Detector Scrap Shield Hacking Suite Hacking Suite EM Pulse Gun Beam Cannon Heavy Battle Rifle Datajack Mining Laser Multitool Peak State ------------ > --- POWER ------------ Subdweller Power Source > --- PROPULSION ------- Light Treads Light Treads > --- UTILITY ---------- High-capacity Storage Unit Seismic Detector > --- WEAPON ----------- Subdweller Machine Gun Heavy Battle Rifle > --- INVENTORY -------- Light Ion Engine Light Treads Light Treads Light Treads Light Treads Subdweller Monowheel Heat Sink Improved Terrain Scanner Seismic Detector Light Armor Plating Scrap Shield Hacking Suite Hacking Suite EM Pulse Gun Beam Cannon Grenade Launcher Datajack Mining Laser Multitool [Rating: 15] Favorites ----------- Power Ion Engine Engine Ion Engine Propulsion Light Treads Treads Light Treads Utility Seismic Detector Device Seismic Detector Storage High-capacity Storage Unit Protection Light Armor Plating Weapon Beam Cannon Energy Gun EM Pulse Gun Energy Cannon Beam Cannon Ballistic Gun Assault Rifle Launcher Grenade Launcher Special Weapon Mining Laser Build | -11 -10 -10 ------- Run | Yrd Mat Sub Slots Evolved . | . . . Power . | . . . Propulsion . | . . . Utility . | . . . Weapon . | . . . Parts Attached 26 | 7 10 9 Power 5 | 1 3 1 Engine 5 | 1 3 1 Core . | . . . Reactor . | . . . Propulsion 6 | 2 2 2 Treads 6 | 2 2 2 Leg . | . . . Wheel . | . . . Hover . | . . . Flight . | . . . Utility 5 | 2 2 1 Device 1 | 1 . . Storage 3 | 1 2 . Processor . | . . . Hackware . | . . . Protection 1 | . . 1 Artifact . | . . . Weapon 10 | 2 3 5 Energy Gun 1 | . . 1 Energy Cannon 2 | . 2 . Ballistic Gun 5 | 2 . 3 Ballistic Cannon . | . . . Launcher 1 | . . 1 Special Weapon 1 | . 1 . Impact Weapon . | . . . Slashing Weapon . | . . . Piercing Weapon . | . . . Special Melee Weapon . | . . . Unidentified Prototypes . | . . . Parts Lost 5 | . 3 2 Power 1 | . 1 . Propulsion 1 | . . 1 Utility 1 | . . 1 Weapon 2 | . 2 . Highest Loss Streak 2 | . 2 1 To Critical Strikes . | . . . Average Backups 13 | 3 12 18 Power . | . . 1 Propulsion 3 | . 3 4 Utility 4 | 1 4 7 Weapon 3 | 1 3 4 Tool/Special . | . . . Unused Backups 18 | . 3 15 Power 1 | . . 1 Propulsion 4 | . . 4 Utility 8 | . 1 7 Weapon 3 | . 2 1 Tool/Special 2 | . . 2 Average Slot Usage (%) 99 | . 99 99 Engine 13 | . 13 14 Treads 27 | . 28 27 Device 13 | . 14 12 Storage 14 | . 14 14 Energy Cannon 18 | . 24 5 Ballistic Gun 8 | . 2 22 Peak Build Rating 15 | 7 9 15 Average Rating 9 | 6 8 13 On Entrance 5 | . 7 9 Naked Turns . | . . . Heaviest Build 56 | 13 52 56 Greatest Support 40 | 40 40 40 Greatest Overweight (x) 1 | . 1 1 Average Overweight (x) . | . . 1 Largest Inventory Capacity 20 | 8 20 20 Average Capacity 16 | 7 16 20 Most Carried 20 | 6 18 20 Average Carried 13 | 4 12 19 Final Capacity 20 | 8 20 20 Final Carried 19 | 6 18 19 Class Distribution -------------------- 100% | Mutant Dominant Class ---------------- Mutant | -10/Materials Mutant | -10/Subcaves Resources | -11 -10 -10 ----------- Run | Yrd Mat Sub Matter Collected 1042 | 421 311 310 Remotely . | . . . Salvage Created 1473 | 239 928 306 Parts 101 | 23 50 28 Haulers Intercepted 2 | . 2 . Recyclers Shooed 1 | . 1 . Parts Field Recycled . | . . . Retrieved Matter . | . . . Parts Self-Destructed 2 | . . 2 Prevented . | . . . Kills | -11 -10 -10 ------- Run | Yrd Mat Sub Combat Hostiles Destroyed 25 | . 17 8 Guns 13 | . 7 6 Cannons 10 | . 9 1 AOE 1 | . . 1 Classes Destroyed 11 | 2 6 3 Worker 2 | . 2 . Tunneler 9 | 9 . . Hauler 2 | . 2 . Recycler 2 | 1 1 . Operator 2 | . 2 . Watcher 3 | . 3 . Swarmer 3 | . 3 . Grunt 14 | . 14 . Sentry 1 | . . 1 Artisan 1 | . . 1 Subdweller 7 | . . 7 Best Kill Streak 7 | 2 7 2 Combat Bots Only 5 | . 5 2 Max Kills in Single Turn 2 | 2 2 1 Gunslinging . | . . . Exploded 1 | . . 1 Melee . | . . . Uniques/NPCs Destroyed . | . . . Combat | -11 -10 -10 -------- Run | Yrd Mat Sub Hostile Shots Fired 113 | . 67 46 Missed 28 | . 15 13 Hits 85 | . 52 33 Projectile 85 | . 52 33 AOE 3 | . . 3 Critical Strikes 1 | . 1 . Damage Taken 1492 | . 664 828 Core 259 | . 106 153 Absorbed by Shields . | . . . Core Remaining (%) 100 | 100 . . Volleys Fired 133 | 26 67 40 Largest 2 | 2 2 2 Hottest 120 | 40 120 120 Shots Fired 255 | 52 125 78 Gun 161 | 52 49 60 Cannon 81 | . 67 14 Launcher 4 | . . 4 Special 9 | . 9 . Kinetic 159 | 52 49 58 Thermal 90 | . 76 14 Explosive 4 | . . 4 Electromagnetic 2 | . . 2 Robot Hit Streak 13 | 6 9 13 Robot Miss Streak 7 | 3 7 3 Penetration Max . | . . . Secondary Targets 1 | . 1 . Max Gunslinging Chain 1 | . 1 . Shots Hit Robots 139 | 29 62 48 Core Hits 62 | 11 34 17 Critical Kills 1 | . 1 . Critical Parts Destroyed . | . . . Critical Strikes 2 | . 1 1 Meltdown 1 | . 1 . Destroy 1 | . . 1 Melee Attacks . | . . . Impact . | . . . Slashing . | . . . Piercing . | . . . Sneak Attacks . | . . . Combat Hostiles . | . . . Follow-up Attacks . | . . . Damage Inflicted 2543 | 381 1024 1138 Guns 1420 | 378 368 674 Cannons 823 | . 647 176 Explosions 288 | . . 288 Melee . | . . . Ramming 12 | 3 9 . Kinetic 1408 | 378 368 662 Thermal 823 | . 647 176 Explosive 288 | . . 288 Electromagnetic 12 | . . 12 Impact . | . . . Slashing . | . . . Piercing . | . . . Highest Corruption . | . . . Average Corruption . | . . . Corruption Purged . | . . . Corruption Blocked . | . . . Overload Shots . | . . . Overflow Damage . | . . . Projectiles . | . . . Explosions . | . . . Melee . | . . . Knockbacks . | . . . Impact . | . . . Kinetic . | . . . Secondary . | . . . Self-Inflicted Damage . | . . . Shots . | . . . Rammed 5 | 1 4 . Targets Rammed 5 | 1 4 . Kicked . | . . . Crushed . | . . . Highest Temperature 204 | . 204 63 Average Temperature 48 | . 50 32 Received Heat Transfer 456 | . 348 108 Siege Activations . | . . . Martial Activations . | . . . Shielding Activations . | . . . Robots Disrupted . | . . . Combat Hostiles . | . . . Robots Corrupted . | . . . Combat Hostiles . | . . . Parts Fried . | . . . Impact Corruptions . | . . . Robots Melted 1 | . 1 . Combat Hostiles 1 | . 1 . Parts Melted 4 | . 4 . Heat Transferred 1739 | . 1369 370 Parts Sabotaged . | . . . Parts Stolen . | . . . Parts Stripped . | . . . Power Chain Reactions . | . . . Alert | -11 -10 -10 ------- Run | Yrd Mat Sub Maximum Alert Level 1 | . 1 . Low Security (%) 96 | 100 95 . Level 1 3 | . 4 . Level 2 . | . . . Level 3 . | . . . Level 4 . | . . . Level 5 . | . . . High Security . | . . . Max Security . | . . . Peak Influence 237 | 10 237 . Initial . | . . . Average 69 | . 82 . Influence Increases 781 | 50 711 20 Destroy 0b10 Robot/C 360 | . 340 20 Destroy 0b10 Robot/NC 100 | 50 50 . Destroy Leader 90 | . 90 . Successful Hack 37 | . 37 . Select Force Hacks 60 | . 60 . Disable Machine 30 | . 30 . Destroy Structure 14 | . 14 . Lose Combat Pursuer 90 | . 90 . Influence Decreases 781 | 50 605 126 Entered New Map 52 | . . 52 Time Decay 699 | 50 575 74 Lost Part 30 | . 30 . Squads Dispatched 4 | . 4 . Investigation 2 | . 2 . Extermination . | . . . Reinforcement 2 | . 2 . Assault . | . . . Garrison . | . . . Intercept . | . . . Searches Triggered . | . . . Construction Impeded . | . . . Haulers Reinforced . | . . . Active Scanning Responses . | . . . Cargo Convoy Interrupts . | . . . Stealth | -11 -10 -10 --------- Run | Yrd Mat Sub Distress Signals . | . . . Communications Jammed . | . . . Distress Signals . | . . . Times Spotted 47 | . 37 10 Peak Tracking Total 5 | . 5 2 Tactical Retreats 4 | . 4 . Traps | -11 -10 -10 ------- Run | Yrd Mat Sub Traps Triggered . | . . . Indirectly . | . . . Trap Hack Attempts . | . . . Triggered . | . . . Disarmed . | . . . Reprogrammed . | . . . Reused . | . . . Traps Extracted . | . . . Installed . | . . . Triggered . | . . . Machines | -11 -10 -10 ---------- Run | Yrd Mat Sub Machines Disabled 2 | . 2 . Max in Single Turn 1 | . 1 . Machines Repaired . | . . . Machines Dismantled . | . . . Machines Sabotaged . | . . . Overloaded Fab Kills . | . . . Hacking | -11 -10 -10 --------- Run | Yrd Mat Sub Machines Accessed 9 | . 8 1 Terminals 6 | . 6 . Fabricators . | . . . Repair Stations . | . . . Recycling Units 2 | . 2 . Scanalyzers . | . . . Garrison Access . | . . . Total Hacks 31 | . 26 5 Successful 21 | . 16 5 Failed 9 | . 9 . Catastrophic 2 | . 2 . Database Lockouts 1 | . 1 . Manual 20 | . 20 . Terminals 22 | . 22 . Fabricators . | . . . Repair Stations . | . . . Recycling Units 4 | . 4 . Scanalyzers . | . . . Garrison Access . | . . . Terminal Hacks 10 | . 5 5 Record 5 | . . 5 Part Schematic 1 | . 1 . Robot Analysis 1 | . 1 . Prototype ID Bank 2 | . 2 . Locate Traps 1 | . 1 . Fabricator Hacks . | . . . Repair Station Hacks . | . . . Recycling Unit Hacks 1 | . 1 . Retrieve Components 1 | . 1 . Scanalyzer . | . . . Garrison Access Hacks . | . . . Unauthorized Hacks 10 | . 10 . Terminals 8 | . 8 . Botnet 2 | . 2 . Operators 1 | . 1 . Skim 5 | . 5 . Fabricators . | . . . Repair Stations . | . . . Recycling Units 2 | . 2 . Tunnel 2 | . 2 . Scanalyzers . | . . . Garrison Access . | . . . Data Cores Recovered . | . . . Used . | . . . Hacking Detections 8 | . 8 . Full Trace Events 1 | . 1 . Feedback Events . | . . . Feedback Blocked . | . . . Robot Schematics Acquired . | . . . Robots Built . | . . . Authchips . | . . . Time . | . . . Total Robot Build Rating . | . . . Part Schematics Acquired 1 | . 1 . Parts Built . | . . . Authchips . | . . . Time . | . . . Total Part Build Rating . | . . . Parts Repaired . | . . . Time . | . . . Parts Recycled . | . . . Recycled Matter . | . . . Retrieved Matter . | . . . Retrieved Components 6 | . 6 . Parts Scanalyzed . | . . . Part Schematics Acquired . | . . . Parts Damaged . | . . . Bothacking | -11 -10 -10 ------------ Run | Yrd Mat Sub Used RIF Installer . | . . . Robots Hacked . | . . . Non-combat . | . . . Combat . | . . . Robot Hacks Applied . | . . . Relay Couplers Released . | . . . Fabnet Peak Effective % . | . . . Robots Rewired . | . . . Allies Hacked . | . . . Hacks Repelled . | . . . Allies | -11 -10 -10 -------- Run | Yrd Mat Sub Total Allies . | . . . Largest Group . | . . . Highest-Rated Group . | . . . Highest-Rated Ally . | . . . Total Orders . | . . . Ally Attacks . | . . . Total Damage . | . . . Kills . | . . . Allies Corrupted . | . . . Allies Melted . | . . . Intel | -11 -10 -10 ------- Run | Yrd Mat Sub Active Infowar (turns) 4258 | 355 2739 1164 Seismic 4258 | 355 2739 1164 Robot Analysis Total 1 | . 1 . Derelict Logs Recovered . | . . . Drone Launches . | . . . Drone Recoveries . | . . . Exploration | -11 -10 -10 ------------- Run | Yrd Mat Sub Turns Passed 4520 | 490 2739 1291 Spaces Moved 1816 | 251 1121 444 Core 7 | 7 . . Treads 1809 | 244 1121 444 Legs . | . . . Wheels . | . . . Hover . | . . . Flight . | . . . Fastest Speed 50 | 50 160 240 Average Speed 210 | 156 211 240 Slowest Speed 240 | 160 240 240 Overloaded Moves . | . . . Propulsion Burnouts . | . . . Robots Hopped . | . . . Potential Cave-ins . | . . . Cave-ins Triggered . | . . . Exploration Rate (%) 44 | 9 99 24 Regions Visited 2 Branch Regions 1 Pre-discovered Areas 4 | . 3 1 Known Exits Taken 1 | . 1 . Unknown Exits Taken 1 | 1 . . Scrap Searched . | . . . Spaces Dug 9 | . 9 . Terrain Destroyed 24 | . 9 15 Melee . | . . . Projectile 9 | . 9 . AOE 15 | . . 15 Terrain Rammed . | . . . Walls Destroyed . | . . . Machines Disabled . | . . . Actions | -11 -10 -10 --------- Run | Yrd Mat Sub Total 2222 | 292 1344 586 Wait 176 | 1 103 72 Move 1814 | 250 1120 444 Hop . | . . . Pick Up 31 | 7 20 4 Fast Attach 7 | 6 . 1 Attach 6 | 1 3 2 Detach . | . . . Swap 33 | . 16 17 Drop 17 | . 11 6 Fire 133 | 26 67 40 Melee . | . . . Ram . | . . . Kick . | . . . Crush 5 | 1 4 . Escape Stasis . | . . . Rewire . | . . . Trap . | . . . Miscellaneous . | . . . Route ------- -11/Scrapyard -10/Materials (discovered 5 exits: [*Mat x3] / [*Min] / *Sub) -10/Subcaves (discovered 3 exits: *Mat x2 / Rec) History --------- Turn | Location | Event 11 | -11/Scrapyard | Discovered new exit (range 14) 491 | -11/Scrapyard | Entered Materials 492 | -10/Materials | Build established: Mutant 828 | -10/Materials | Discovered new exit (range 13) 943 | -10/Materials | Discovered new exit (range 3) 1109 | -10/Materials | Discovered new exit (range 15) 1838 | -10/Materials | Discovered new exit (range 16) 1926 | -10/Materials | Central database locked down 1947 | -10/Materials | Learned location of 2 exits from Subcaves 1986 | -10/Materials | Learned location of 1 exit from Recycling 2014 | -10/Materials | Learned Storage security intel 2032 | -10/Materials | Identified exit to Subcaves 2032 | -10/Materials | Learned location of 1 exit from Materials 2041 | -10/Materials | Learned Storage terminal intel 2042 | -10/Materials | Learned location of Subcaves (-10) 2052 | -10/Materials | Learned Storage trap positions 2074 | -10/Materials | Learned 2 Mines zone layouts 3230 | -10/Materials | Entered Subcaves 3231 | -10/Subcaves | Approached by a straggling Scientist 3231 | -10/Subcaves | Identified exit to Materials 3231 | -10/Subcaves | Identified exit to Recycling 3346 | -10/Subcaves | Shifting Twisted Machinery released Hvy. Battle Rifle 3360 | -10/Subcaves | Shifting Twisted Machinery released Scrap Shield 3553 | -10/Subcaves | Core integrity fell below 50% 4289 | -10/Subcaves | Core integrity fell below 20% 4359 | -10/Subcaves | Ambushed by Subdweller buried in earth 4417 | -10/Subcaves | Visited Clippyterm 4424 | -10/Subcaves | Learned location of Deep Caves (-6) 4424 | -10/Subcaves | Learned Research machine intel 4468 | -10/Subcaves | Discovered exit to Materials (range 15) 4509 | -10/Subcaves | A Subdweller sparked back to life 4509 | -10/Subcaves | A Subdweller sparked back to life 4509 | -10/Subcaves | A Subdweller sparked back to life 4521 | -10/Subcaves | Destroyed by QA-RWD(R) with Subdweller Machine Gun Last Messages --------------- right? Don't bother with early when it comes to the Lifeworm, it's never early, but by some measures it might be just in time... >>Record "LRC-V1" It looks like you're REDACTED, I can suggest REDACTED and REDACTED. Also definitely avoid REDACTED. 04444_ Acquired 28 matter. 04459_ Subatomizers dissect the Sub. Laser. 04468_ EXIT=FOUND: MATERIALS 04509_ X5-5QB(R) creaks and sparks as it begins to move. 04509_ EW-Y50(R) creaks and sparks as it begins to move. 04509_ QA-RWD(R) creaks and sparks as it begins to move. 04512_ EW-Y50(R) destroyed. 04518_ QA-RWD(R) affixes Scrap Shield Fragment to Scrap Shield. 04519_ Lgt. Armor Plating destroyed. Map ----- +----------------------------------------------------+ | ???????????????????????????????????######### & | | ???????????????????????????????????????## | | ??????????????????????????????????????## | | ??????????????????????????????????????# | | ??????????????????????????????????????# | | ??????????????????????????????????????# ###### | | ??????????????????????????????????????####????#" | | ???????????????????????????????????????????????# | | ???????????????????????????????????????????????# | | ???????????????????????????????????????????????# | | ???????????????????????????????????????????????# | | ???????????????????????????????????????????????## | | ????????????????????????????????????????????????## | | ?????????????????????????????????????????????????? | | ?????????????????????????????????????????????????? | | ?????????????????????????????????????????????????? | | ?????????????????????????????????????????????????? | | ?????????????????????????????????????????????????# | | ???????????????????????????????????????????#####?# | | ???????????????????????????????????????????#"""### | | ????????????????????????###????????????????#"" ## | | ???????????????????????## ##???????????????#"X | | ???????????????????????# #########???????#"" ## | | ???????????????????????# < #########"""## | | ??????????????????????## # # ##### | | ??????????????????????# @ ##### #??### | | ?????????????????????# ##???# ## ##### "" | | ????????????????????# #??# ### ""&! | | ????????????????????# < # ##?## *%% | | ???????????????????# < #???# ## =" | | ???????????????????# ??? #### | | ?????????????????? R<& ? ??# #" | | ????????????????? ] * #? ### | | ???????????????? !R ##### ?# #?? | | ???????????????## ## #???#####??# #?? | | ????????????????# ##?## ##??????????#######?? | | ????????????????#####????####????????????????????? | | ?????????????????????????????????????????????????? | | ?????????????????????????????????????????????????? | | ?????????????????????????????????????????????????? | | ?????????????????????????????????????????????????? | | ?????????????????????????????????????????????????? | | ?????????????????????????????????????????????????? | | ?????????????????????????????????????????????????? | | ?????????????????????????????????????????????????? | | ?????????????????????????????????????????????????? | | ?????????????????????????????????????????????????? | | ?????????????????????????????????????????????????? | | ?????????????????????????????????????????????????? | | ?????????????????????????????????????????????????? | +----------------------------------------------------+ Best States ------------- Heat Dissipation 25 Energy Generation 15 Energy Capacity 250 Matter Stores 300 Matter Capacity 300 Sight Range 16 Terrain Scan Density 10 Armor Coverage 150 Evasion (%) 40 Recoil Reduction 2 Item Schematics ----------------- Huge Storage Unit | -10/Materials | Hacked Robot Schematics ------------------ None Fabricated ------------ Nothing Repaired ---------- Nothing Alien Tech Used ----------------- None Achievements -------------- None Challenges ------------ None Game ------ Seed ResetXenonClaymores Manual? 0 Play Time 00:27:39 Cumulative 358.6 hours Start 2025.05.10 @ 13:51:16 End 2025.05.10 @ 14:27:14 Sessions 1 Manual Loads 0 Difficulty Rogue Special Mode None Game No. 175 Rogue 112 Adventurer 63 Explorer 0 Win Type - Total 8 Types 7/0/0/1/0/0/0/0/0/0 Lore% 83 Gallery% 74 Achievement% 63 Wizard Run 0 Options --------- Layout 2 ASCII 0 Keyboard 1 Movement Numpad Keybinds 0 Fullscreen 2 Font 24/Terminus Map View 50x44 Zoom Use 0% Tactical HUD 1 Map Filters NONE Filters NONE Steam 1 RUN: 960790e0-f7bb-4144-9392-77f866d332ef